 Dungeon Crawl Stone Soup version 0.27-a0-1140-g099f9bb0e8 (webtiles) character file.

Game seed: 16871916668638001164

220 reriks the Skirmisher (level 5, -8/34 HPs)
             Began as a Gargoyle Fighter on May 8, 2021.
             Mangled by an ogre
             ... wielding a +0 giant spiked club
              (18 damage)
             ... on level 3 of the Dungeon.
             The game lasted 00:02:45 (3389 turns).

reriks the Skirmisher (Gargoyle Fighter)            Turns: 3389, Time: 00:02:45

Health: -8/34      AC: 13    Str: 26    XL:     5   Next: 97%
Magic:  5/5        EV: 12    Int:  9    God:
Gold:   8          SH: 10    Dex:  9    Spells: 4/4 levels left

rFire    . . .     SeeInvis .   j - +0 morningstar
rCold    . . .     Faith    .   c - +0 kite shield
rNeg     + . .     Spirit   .   b - +0 scale mail
rPois    ∞         Reflect  .   (no helmet)
rElec    +         Harm     .   (no cloak)
rCorr    .         Rampage  .   (no gloves)
Will     .....                  n - +1 pair of boots
Stlth    ..........             (no amulet)
HPRegen  0.11/turn              h - +6 ring of strength
MPRegen  0.09/turn              t - +4 ring of evasion

@: no status effects
A: sickness immunity, AC +4, negative energy resistance 1, electricity
resistance, torment resistance 1, unbreathing 1, petrification resistance
a: no special abilities


You were on level 3 of the Dungeon.
You visited 1 branch of the dungeon, and saw 3 of its levels.

You collected 138 gold pieces.
You spent 130 gold pieces at shops.

Inventory:

Hand Weapons
 a - a +0 flail
 j - a +0 morningstar (weapon)
Armour
 b - a +0 scale mail (worn)
 c - a +0 kite shield (worn)
 n - a +1 pair of boots (worn)
Magical Staves
 g - a staff of conjuration
 k - a staff of earth
Jewellery
 h - a +6 ring of strength (left hand)
 q - a ring of magical power
 t - a +4 ring of evasion (right hand)
Scrolls
 r - a scroll of immolation
Potions
 d - a potion of might
 i - 2 potions of haste {unknown}
 m - a potion of heal wounds {unknown}
 o - a potion of curing {unknown}
 s - a potion of brilliance {unknown}


   Skills:
 + Level 4.5 Fighting
 + Level 3.4 Maces & Flails
 + Level 4.4 Armour
 + Level 4.5 Shields


You had 4 spell levels left.
You didn't know any spells.
Your spell library contained the following spells:

 Spells                   Type           Power      Damage    Failure   Level
 Animate Skeleton         Necr           0%         N/A       98%         1
 Pain                     Necr           0%         1d4       98%         1
 Vampiric Draining        Necr           0%         2d6       100%        3
 Animate Dead             Necr           0%         N/A       100%        4
 Agony                    Necr           0%         N/A       100%        5


Dungeon Overview and Level Annotations

Branches:
Dungeon (3/15)

Altars:

Shops:
D:3 *


Innate Abilities, Weirdness & Mutations

You are immune to sickness and miasma.
Your stone body is resilient. (AC +4)
You are immune to poison.
You resist negative energy. (rN+)
You are resistant to electric shocks. (rElec)
You are resistant to unholy torment.
You can survive without breathing.
You are immune to petrification.


Message History

You see here a +0 club.
You see here 27 stones.
There is a stone staircase leading down here.
You climb downwards.
There is a stone staircase leading up here.
An endoplasm comes into view.
The endoplasm quivers.
You see here 7 gold pieces.
You block the endoplasm's attack.
Found 20 bolts.
You thump the endoplasm!
You kill the endoplasm!
You thump the ogre!
The ogre is heavily wounded.
The ogre barely misses you.
You hit the ogre.
The ogre is severely wounded.
You block the ogre's attack.
You barely miss the ogre.
The ogre is severely wounded.
You block the ogre's attack. x2
You hit the ogre.
The ogre is severely wounded.
The ogre hits you with a +0 giant spiked club.
You barely miss the ogre.
The ogre is severely wounded.
The ogre hits you with a +0 giant spiked club!
You closely miss the ogre.
The ogre is severely wounded.
The ogre closely misses you.
You completely miss the ogre.
The ogre is severely wounded.
You block the ogre's attack.
You hit the ogre but do no damage.
The ogre is severely wounded.
The ogre hits you with a +0 giant spiked club!
* * * LOW HITPOINT WARNING * * *
The ogre hits you with a +0 giant spiked club!!
Ouch! That really hurt!
You die...

.................##......##...#
..######..........#...........#
..# #......................#
..# #......................#
..# ##........#............#
..## ##########.$.....#.....
.... ###.............#......
.... #...............# ....
#.....O@........# ....
............###.# ....
.........##..# .# ....
.......... .... ....
(......##....... .... .......
....... .... .....## .......
..#. ..... ####. ..#


You could see an ogre.

Vanquished Creatures
  An ice beast (D:3)
  A centaur skeleton (D:2)
  Natasha (D:2)
  2 adders (D:3)
  An orc (D:3)
  3 ball pythons
  6 bats
  5 endoplasms
  2 giant cockroaches
  3 goblins
  5 hobgoblins
  10 jackals
  3 quokkas
  6 frilled lizards
  3 kobolds
  7 rats
59 creatures vanquished.

Notes
Turn   | Place    | Note
-------+----------+-------------------------------------------
     0 | D:1      | reriks the Gargoyle Fighter began the quest for the Orb.
     0 | D:1      | Reached XP level 1. HP: 14/14 MP: 1/1
   172 | D:1      | Reached XP level 2. HP: 17/19 MP: 2/2
   326 | D:1      | Found a faded altar of an unknown god.
   913 | D:1      | Reached XP level 3. HP: 24/24 MP: 3/3
  1716 | D:2      | Noticed Natasha
  1728 | D:2      | Killed Natasha
  1729 | D:2      | Reached XP level 4. HP: 25/29 MP: 4/4
  2398 | D:3      | Noticed an ice beast
  2403 | D:3      | Killed an ice beast
  2404 | D:3      | Reached XP level 5. HP: 21/34 MP: 5/5
  2844 | D:3      | Found Okiaden's Assorted Antiques.
  2855 | D:3      | Bought a runed bone ring for 130 gold pieces
  2906 | D:3      | Noticed an ogre
  3389 | D:3      | Mangled by an ogre

Illustrated notes

Levels and vault maps discovered:
D:1:      eino_arrival_cavern_a, layout_loops_cross,
          chequers_ecumenical_altar_simple_redux
D:2:      layout_loops_ring, serial_co_window_serial, co_window_paths_b,
          co_window_corner_a, co_window_paths_b, co_window_cross_1,
          co_window_paths_b, co_window_of_opportunity_a, co_window_corner_a,
          co_window_corner_ca, co_window_corner_b, co_window_broadway_a,
          co_window_sun, glass_columns_a, glass_columns_a, glass_columns_a,
          glass_columns_b, uniq_natasha
D:3:      layout_basic, serial_shops, nicolae_shop_trees,
          hangedman_decor_diamond_cutter

Skill      XL: |  1  2  3  4 |
---------------+-------------+-----
Fighting       | 4 |  4.5
Armour         | 4 |  4.4
Shields        | 4 |  4.5
Maces & Flails | 3 |  3.4

Action                   |  1- 3 |  4- 6 || total
-------------------------+-------+-------++-------
Melee: Flail             |    77 |       ||    77
       Morningstar       |    37 |    81 ||   118
  Use: Scroll            |       |     5 ||     5
Armor: Scale mail        |    80 |    65 ||   145
Dodge: Dodged            |    50 |    30 ||    80
Block: Kite shield       |    78 |    69 ||   147

Table legend: (Time is in decaauts)
 A = Elapsed time spent in this place.
 B = Non-inter-level travel time spent in this place.
 C = Inter-level travel time spent in this place.
 D = Time resting spent in this place.
 E = Time spent auto-exploring this place.
 F = Levels seen in this place.
 G = Mean time per level.
                   A        B        C        D        E       F      G
               +--------+--------+--------+--------+--------+-----+--------+
         Total |   3495 |   3294 |    201 |    748 |   1990 |   3 | 1165.0 |
       Dungeon |   3495 |   3294 |    201 |    748 |   1990 |   3 | 1165.0 |
               +--------+--------+--------+--------+--------+-----+--------+

Top non-repeatable levels by time:
     D:2: 1558 daAuts
     D:1: 1162 daAuts
     D:3: 774 daAuts
